 Dungeon Crawl Stone Soup version 0.30.1-11-g7821555f0a (webtiles) character file.

Game seed: 15910111661437481480

508 bnorton916 the Magician (level 6, -3/32 HPs)
             Began as a Deep Elf Fire Elementalist on Nov 29, 2023.
             Slain by Pikel
             ... wielding a +0 whip of freezing
              (7 damage)
             ... on level 3 of the Dungeon.
             The game lasted 00:05:44 (3840 turns).

bnorton916 the Magician (DEFE)                      Turns: 3840, Time: 00:05:45

Health: -3/32      AC:  3    Str:  8    XL:     6   Next: 98%
Magic:  9/17       EV: 12    Int: 22    God:
Gold:   137        SH:  0    Dex: 15    Spells: 11/17 levels left

rFire   . . .        p - +2 flail of the Swamp {speed, rPois rC+ Str+3 Stlth+}
rCold   + + .        (no shield)
rNeg    . . .        a - +0 robe
rPois   +            (no helmet)
rElec   .            (no cloak)
rCorr   .            (no gloves)
SInv    .            i - +0 pair of boots
Will    .....        (no amulet)
Stlth   +++          d - ring of protection from cold
HPRegen 0.25/turn    (no ring)
MPRegen 0.15/turn

%: no passive effects
@: no status effects
A: no striking features
a: no special abilities


You were on level 3 of the Dungeon.
You visited 1 branch of the dungeon, and saw 4 of its levels.

You collected 137 gold pieces.

Inventory:

Hand Weapons
 p - the +2 flail of the Swamp (weapon) {speed, rPois rC+ Str+3 Stlth+}
   (You took it off a hobgoblin on level 3 of the Dungeon)

   Str:       It affects your strength (+3).
   rC:        It protects you from cold.
   rPois:     It protects you from poison.
   Stlth:     It makes you more stealthy.
Missiles
 j - 6 poisoned darts
Armour
 a - a +0 robe (worn)
 i - a +0 pair of boots (worn)
Jewellery
 d - a ring of protection from cold (left hand)
 m - a ring of resist corrosion
Wands
 o - a wand of flame (9)
Scrolls
 c - 2 scrolls of teleportation
 h - a scroll of fear
Potions
 b - a potion of magic
 e - a potion of haste {unknown}
 f - a potion of might {unknown}
 g - 2 potions of heal wounds
 k - a potion of lignification {unknown}
 l - a potion of flight
 n - a potion of attraction {unknown}
 q - a potion of curing


   Skills:
 - Level 2.4 Dodging
 - Level 2.4 Stealth
 + Level 6.2 Spellcasting
 + Level 4.6 Conjurations
 + Level 5.7 Fire Magic


You had 11 spell levels left.
You knew the following spells:

 Your Spells              Type           Power      Damage    Failure   Level
a - Foxfire               Conj/Fire      100%       2x1d9     1%          1
b - Scorch                Fire           64%        2d8       1%          2
c - Volatile Blastmotes   Fire/Tloc      38%        2d13      9%          3

Your spell library contained the following spells:

 Spells                   Type           Power      Damage    Failure   Level
 Inner Flame              Hex/Fire       19%        N/A       9%          3
 Flame Wave               Conj/Fire      29%        2d9       11%         4
 Gell's Gravitas          Tloc           6%         N/A       26%         3
 Teleport Other           Tloc           6%         N/A       26%         3
 Dispersal                Tloc           3%         N/A       100%        6
 Summon Cactus Giant      Summ           3%         N/A       100%        6


Dungeon Overview and Level Annotations

Branches:
Dungeon (4/15)
 Temple: D:4-7

Altars:

Annotations:
D:2 1 runed translucent door, Crazy Yiuf, Robin
D:3 Pikel


Message History

There is an open door here.
The giant cockroach bites you but does no damage.
The giant cockroach attacks as you move away!
The giant cockroach bites you.
Casting: Foxfire (safe; 1% risk of failure)
Confirm with . or Enter, or press ? or * to list all spells.
Flames lash the giant cockroach.
You kill the giant cockroach!
There is a stone staircase leading up here.
Casting: Scorch (safe; 1% risk of failure)
Confirm with . or Enter, or press ? or * to list all spells.
Flames lash Pikel.
Pikel is moderately wounded.
Pikel's fire resistance burns away.
Unknown command.
Pikel hits you with a +0 whip of freezing.
You climb upwards.
There is a stone staircase leading down here.
Casting: Scorch (safe; 1% risk of failure)
Confirm with . or Enter, or press ? or * to list all spells.
Flames lash Pikel.
Pikel is burned terribly!
Pikel is heavily wounded.
Pikel hits you with a +0 whip of freezing.
Pikel hits you with a +0 whip of freezing!
Pikel freezes you.
Unknown command.
Casting: Scorch (safe; 1% risk of failure)
Confirm with . or Enter, or press ? or * to list all spells.
Flames lash Pikel.
Pikel is severely wounded.
Pikel hits you with a +0 whip of freezing.
Pikel hits you with a +0 whip of freezing!
* * * LOW HITPOINT WARNING * * *
Unknown command.
Casting: Scorch (safe; 1% risk of failure)
Confirm with . or Enter, or press ? or * to list all spells.
Flames lash Pikel.
Pikel is burned terribly!
Pikel is almost dead.
Pikel hits you with a +0 whip of freezing!
You die...

### #.....##..........#.##.##.#
รท.#
#.#.#.......###.###.......#
..###.#.#.........#........####
..).....#.......#.#..#######
#.#.#.#.#.......#....#
#...#......######...##
#####...[.....###.#.#
#####.###.##..#.####
#.........K@......#
#.##.##.<.####.##.# #.##.##...#
#.##.# #.##.#....## #.##.#
#.##.#.....###.##.#
#.##.#.....#....#.#
#.##.#....)#.####.#
#.##.#.#..#<.# #.#
#.##.#....#### #.#


You could see Pikel (combustible).

Vanquished Creatures
  Sigmund (D:2)
  An ogre (D:3)
  A phantom (D:4)
  A hound (D:4)
  Natasha (twice) (D:2)
  3 adders (D:3)
  A worm (D:3)
  A dart slug (D:3)
  8 orcs (D:3)
  6 bats
  3 endoplasms
  3 giant cockroaches
  18 goblins
  5 hobgoblins
  3 jackals (D:1)
  3 quokkas
  6 ball pythons
  2 kobolds
  5 rats
73 creatures vanquished.

Vanquished Creatures (others)
  246 foxfires
246 creatures vanquished.

Grand Total: 319 creatures vanquished

Notes
Turn   | Place    | Note
-------+----------+-------------------------------------------
     0 | D:1      | bnorton916 the Deep Elf Fire Elementalist began the quest
                  | for the Orb.
     0 | D:1      | Reached XP level 1. HP: 10/10 MP: 6/6
   327 | D:1      | Reached XP level 2. HP: 15/15 MP: 2/8
   563 | D:1      | Learned a level 2 spell: Scorch
  1184 | D:1      | Found a faded altar of an unknown god.
  1311 | D:2      | Noticed Robin
  1474 | D:1      | Reached XP level 3. HP: 10/19 MP: 1/10
  1769 | D:2      | Noticed Natasha
  1774 | D:2      | Killed Natasha
  1775 | D:2      | Reached skill level 4 in Spellcasting
  2096 | D:2      | Noticed Sigmund
  2102 | D:2      | Learned a level 3 spell: Volatile Blastmotes
  2113 | D:2      | Killed Sigmund
  2114 | D:2      | Reached skill level 5 in Spellcasting
  2114 | D:2      | Reached XP level 4. HP: 24/24 MP: 5/13
  2114 | D:2      | Reached XP level 5. HP: 28/28 MP: 5/14
  2334 | D:2      | Noticed Natasha
  2337 | D:2      | Killed Natasha
  2338 | D:2      | Reached skill level 5 in Fire Magic
  2401 | D:2      | Found a runed translucent door.
  2402 | D:2      | Noticed Crazy Yiuf
  2753 | D:3      | Reached XP level 6. HP: 32/32 MP: 10/16
  3012 | D:3      | Identified the +2 flail of the Swamp {speed, rPois rC+
                  | Str+3 Stlth+}
  3683 | D:4      | Reached skill level 6 in Spellcasting
  3814 | D:4      | Noticed Pikel
  3840 | D:3      | Slain by Pikel

Illustrated notes

Levels and vault maps discovered:
D:1:      dpeg_arrival_line_fractal, layout_rooms,
          hellmonk_ecumenical_altar_slurped_away
D:2:      layout_basic, eino_tiny_chamber, uniq_sigmund, uniq_natasha,
          uniq_robin, uniq_crazy_yiuf_cottage
D:3:      layout_basic, minmay_ogre_servants
D:4:      layout_basic, elyvilon_altar_1,
          chequers_temple_overflow_statue_of_worship, uniq_pikel

Skill      XL: |  1  2  3  4  5  6 |
---------------+-------------------+-----
Conjurations   | 2 3 4 |  4.6
Spellcasting   | 5 6 |  6.2
Fire Magic     | 4 5 |  5.7
Dodging        | |  2.4
Stealth        | |  2.4

Action                     |  1- 3 |  4- 6 || total
---------------------------+-------+-------++-------
   Cast: Foxfire           |    81 |    71 ||   152
         Scorch            |    11 |    22 ||    33
    Use: Scroll            |       |     5 ||     5
 Armour: Robe              |     4 |     4 ||     8
  Dodge: Dodged            |    22 |    17 ||    39
